 Dungeon Crawl Stone Soup version 0.27.0-1-g7a089689b8 (webtiles) character file.

Game seed: 8257762337019608801

51 Descartes the Shield-Bearer (level 4, -4/35 HPs)
             Began as a Formicid Fighter on Aug 1, 2021.
             Slain by a scorpion (7 damage)
             ... on level 3 of the Dungeon.
             The game lasted 00:02:30 (2389 turns).

Descartes the Shield-Bearer (Formicid Fighter)      Turns: 2389, Time: 00:02:30

Health: -4/35      AC: 11    Str: 21    XL:     4   Next: 7%
Magic:  4/4        EV:  4    Int:  8    God:
Gold:   82         SH:  9    Dex: 10    Spells: 3/3 levels left

rFire    . . .     SeeInvis +   a - +0 long sword
rCold    . . .     Faith    .   c - +0 kite shield
rNeg     . . .     Spirit   .   g - +0 plate armour
rPois    .         Reflect  .   (helmet unavailable)
rElec    .         Harm     .   (no cloak)
rCorr    .         Rampage  .   (no gloves)
Will     .....                  (no boots)
Stlth    ..........             (no amulet)
HPRegen  0.11/turn              (no ring)
MPRegen  0.09/turn              (no ring)

@: lethally poisoned (-4 -> -22)
A: permanent stasis, dig shafts and tunnels, antennae 3, four strong arms
a: Dig, Shaft Self


You were on level 3 of the Dungeon.
You visited 1 branch of the dungeon, and saw 3 of its levels.

You collected 82 gold pieces.

Inventory:

Hand Weapons
 a - a +0 long sword (weapon)
Missiles
 f - 88 stones
 h - 60 sling bullets
 m - 3 silver boomerangs
Armour
 c - a +0 kite shield (worn)
 g - a +0 plate armour (worn)
Wands
 l - a wand of iceblast (13)
Scrolls
 b - a scroll of holy word {unknown}
 i - a scroll of enchant armour {unknown}
 j - a scroll of blinking {unknown}
 k - a scroll of torment {unknown}
 n - 2 scrolls of identify {unknown}
Potions
 d - a potion of might
 e - 2 potions of curing {unknown}
 o - 2 potions of resistance {unknown}


   Skills:
 - Level 3.2 Fighting
 + Level 2.8 Long Blades
 + Level 4.0 Armour
 + Level 4.4 Shields


You had 3 spell levels left.
You didn't know any spells.
Your spell library contained the following spells:

 Spells                   Type           Power      Damage    Failure   Level
 Sting                    Tmut/Pois      0%         1d3       100%        1
 Poisonous Vapours        Pois/Air       0%         N/A       100%        2
 Olgreb's Toxic Radiance  Pois           0%         N/A       100%        4


Dungeon Overview and Level Annotations

Branches:
Dungeon (3/15)

Altars:
The Shining One


Innate Abilities, Weirdness & Mutations

You cannot be hasted, slowed, berserked, paralysed or teleported.
You can dig through walls and to a lower floor.
You have a pair of large antennae on your head. (SInv)
Your four strong arms can wield two-handed weapons with a shield.


Message History

Done exploring.
You see here an adder corpse.
There is a stone staircase leading down here.
You climb downwards.
There is a stone staircase leading up here.
There is a stone staircase leading up here.
You sense a monster nearby.
A scorpion comes into view.
You hit the scorpion.
The scorpion is lightly wounded.
The scorpion stings you.
You are poisoned.
The scorpion poisons you!
The scorpion stings you but does no damage.
You barely miss the scorpion.
The scorpion is lightly wounded.
You feel very sick.
The scorpion stings you but does no damage. x2
You barely miss the scorpion.
The scorpion is lightly wounded.
You feel sick. You block the scorpion's attack.
You hit the scorpion.
The scorpion is lightly wounded.
You feel sick. You block the scorpion's attack. The scorpion stings you.
You are more poisoned.
The scorpion poisons you!
You hit the scorpion.
The scorpion is moderately wounded.
You feel very sick. The scorpion stings you!
* * * LOW HITPOINT WARNING * * *
You are more poisoned.
The scorpion poisons you!
The scorpion stings you but does no damage.
You hit the scorpion but do no damage.
The scorpion is moderately wounded.
* * * LOW HITPOINT WARNING * * *
You feel extremely sick. The scorpion stings you!
You die...

########
#......#
#.####@# #.# #s#
#.# #.# #.#.#
#.# #.#.# #.#
#.#.# #.. #
#.#.# ###
.####.#.########
...............#


You could see a scorpion.

Vanquished Creatures
  An adder (D:2)
  A dart slug (D:1)
  3 bats
  4 endoplasms
  3 goblins
  3 hobgoblins
  3 jackals (D:2)
  2 quokkas (D:1)
  3 ball pythons
  6 frilled lizards
  5 kobolds
  4 rats
38 creatures vanquished.

Vanquished Creatures (others)
  2 plants (D:3)
2 creatures vanquished.

Grand Total: 40 creatures vanquished

Notes
Turn   | Place    | Note
-------+----------+-------------------------------------------
     0 | D:1      | Descartes the Formicid Fighter began the quest for the Orb.
     0 | D:1      | Reached XP level 1. HP: 18/18 MP: 1/1
   281 | D:1      | Reached XP level 2. HP: 15/24 MP: 2/2
   911 | D:1      | Reached XP level 3. HP: 29/29 MP: 3/3
  1342 | D:2      | Found a glowing golden altar of the Shining One.
  1652 | D:2      | Found a faded altar of an unknown god.
  2121 | D:2      | Reached XP level 4. HP: 12/35 MP: 4/4
  2382 | D:3      | Noticed a scorpion
  2389 | D:3      | Slain by a scorpion

Illustrated notes

Levels and vault maps discovered:
D:1:      psy_arrival_radial02, layout_loops_ring
D:2:      layout_loops_ring, shapermc_ecumenical_altar_mp_vishouse, basic_altar
D:3:      layout_loops_ring, serial_bayou_pond_c

Skill      XL: |  1  2  3 |
---------------+----------+-----
Shields        | 4 |  4.4
Armour         | 4 |  4.0
Fighting       | |  3.2
Long Blades    | |  2.8

Action                   |  1- 3 |  4- 6 || total
-------------------------+-------+-------++-------
Melee: Long sword        |   133 |     6 ||   139
 Abil: Dig               |     1 |       ||     1
Armor: Scale mail        |    20 |       ||    20
       Plate armour      |    71 |     4 ||    75
Dodge: Dodged            |    19 |       ||    19
Block: Kite shield       |    81 |     2 ||    83
       Rpst.: Long sword |     4 |       ||     4
